 Dungeon Crawl Stone Soup version 0.28.0-53-g5a82cb258f (webtiles) character file.

Game seed: 5059076160207185641

1204 Peloso the Carver (level 8, -4/70 HPs)
             Began as a Minotaur Fighter on July 25, 2022.
             Slain by a slime creature (13 damage)
             ... on level 4 of the Dungeon.
             The game lasted 00:09:19 (5882 turns).

Peloso the Carver (Minotaur Fighter)                Turns: 5882, Time: 00:09:20

Health: -4/70      AC: 11    Str: 21    XL:     8   Next: 21%
Magic:  7/7        EV:  8    Int:  5    God:
Gold:   247        SH:  5    Dex: 12    Spells: 7/7 levels left

rFire   . . .      SeeInvis .   a - +1 long sword
rCold   . . .      Faith    .   c - +0 buckler
rNeg    . . .      Spirit   .   b - +0 chain mail
rPois   .          Reflect  .   (helmet restricted)
rElec   .          Harm     .   (no cloak)
rCorr   .          Rampage  .   (no gloves)
Will    .....                   p - +0 pair of boots
Stlth   ..........              (no amulet)
HPRegen 0.21/turn               (no ring)
MPRegen 0.10/turn               (no ring)

@: no status effects
A: horns 2, retaliatory headbutt
a: no special abilities


You were on level 4 of the Dungeon.
You visited 1 branch of the dungeon, and saw 5 of its levels.
You also visited: Sewer.

You collected 247 gold pieces.

Inventory:

Hand Weapons
 a - a +1 long sword (weapon)
Armour
 b - a +0 chain mail (worn)
 c - a +0 buckler (worn)
 p - a +0 pair of boots (worn)
Jewellery
 q - a +4 ring of evasion
 v - an amulet of guardian spirit
Wands
 t - a wand of charming (10)
 w - a wand of polymorph (7)
Scrolls
 g - 2 scrolls of fog
 h - a scroll of enchant armour {unknown}
 o - a scroll of blinking
 r - 2 scrolls of teleportation
 s - 2 scrolls of magic mapping
 u - a scroll of identify
Potions
 d - a potion of might
 e - 5 potions of mutation
 f - 2 potions of haste {unknown}
 i - 3 potions of curing {unknown}
 j - a potion of lignification {unknown}
 k - a potion of brilliance {unknown}
 l - a potion of resistance {unknown}
 m - a potion of flight {unknown}
 n - a potion of cancellation {unknown}


   Skills:
 + Level 5.9 Fighting
 + Level 8.1 Long Blades
 + Level 6.8 Armour
 + Level 2.6 Dodging
 + Level 0.4 Stealth
 + Level 4.9 Shields


You had 7 spell levels left.
You didn't know any spells.
Your spell library contained the following spells:

 Spells                   Type           Power      Damage    Failure   Level
 Beastly Appendage        Tmut           0%         N/A       99%         1
 Wereblood                Tmut           0%         N/A       100%        2
 Frozen Ramparts          Ice            0%         1d2       100%        3
 Spider Form              Tmut/Pois      0%         N/A       100%        3
 Tukima's Dance           Hex            0%         N/A       100%        3
 Ice Form                 Ice/Tmut       0%         N/A       100%        4
 Passage of Golubria      Tloc           0%         N/A       100%        4
 Summon Ice Beast         Ice/Summ       0%         N/A       100%        4
 Yara's Violent Unravell  Hex/Tmut       0%         3d3       100%        5


Dungeon Overview and Level Annotations

Branches:
Dungeon (5/15)              Sewer (visited)
 Temple: D:4-7

Altars:
Elyvilon

Shops:
D:5 (=


Innate Abilities, Weirdness & Mutations

You have a pair of horns on your head.
You reflexively headbutt those who attack you in melee.


Message History

The slime creature is almost dead.
The slime creature hits you but does no damage.
The slime creature hits you!
The slime creature completely misses you.
You slash the slime creature!
You kill the slime creature!
You block the slime creature's attack.
Your Long Blades skill increases to level 8!
The slime creature hits you.
You slash the slime creature!
Your headbutt misses the slime creature.
The slime creature is lightly wounded.
The slime creature hits you but does no damage.
You barely miss the slime creature.
The slime creature is lightly wounded.
The slime creature completely misses you.
You slash the slime creature! You headbutt the slime creature!
The slime creature is heavily wounded.
The slime creature barely misses you. You furiously retaliate!
You headbutt the slime creature. You completely miss the slime creature.
The slime creature is heavily wounded.
The slime creature hits you.
You hit the slime creature.
The slime creature is heavily wounded.
The slime creature hits you but does no damage.
You hit the slime creature but do no damage.
The slime creature is heavily wounded.
The slime creature hits you! The slime creature hits you.
You slash the slime creature!
The slime creature is severely wounded.
The slime creature hits you.
You hit the slime creature but do no damage.
The slime creature is severely wounded.
The slime creature hits you!
* * * LOW HITPOINT WARNING * * *
You slash the slime creature!
The slime creature is severely wounded.
The slime creature hits you!
You die...

#......###.........####...##)##
#........'.........'...........
#.#....###.........###.....(...
#.#..#.# ##.......## #.#.#.....
#......## ##.....## #.##......
#.......# ##...## #.##......
#.#.###)# ##'## #.##......
#.#.###.######.# #.##.###.#
#.#..........J@# #........#
#.#####.#####..## ####.#####
#.#####.# ##...## #.# #.......#
#.<..(# #.# #########
##...#########.#
#..####.......# #.......#######
#########


You could see a slime creature.

Vanquished Creatures
  Grinder (D:4)
  A slime creature (D:4)
  Edmund (D:4)
  An ogre (D:4)
  A phantom (D:5)
  A bullfrog (Sewer)
  2 hounds (D:5)
  An orc priest (D:5)
  4 jellies
  An iguana (D:4)
  A gnoll (D:1)
  10 adders
  2 ufetubi (D:5)
  A worm (D:3)
  A dart slug (D:2)
  4 orcs
  15 endoplasms
  13 giant cockroaches
  7 goblins
  4 hobgoblins
  4 jackals (D:2)
  11 kobolds
  14 quokkas
  16 ball pythons
  5 bats
  16 frilled lizards
  7 rats
145 creatures vanquished.

Vanquished Creatures (others)
  6 fungi (D:5)
  9 toadstools (D:5)
15 creatures vanquished.

Grand Total: 160 creatures vanquished

Notes
Turn   | Place    | Note
-------+----------+-------------------------------------------
     0 | D:1      | Peloso the Minotaur Fighter began the quest for the Orb.
     0 | D:1      | Reached XP level 1. HP: 19/19 MP: 0/0
   658 | D:1      | Reached XP level 2. HP: 23/27 MP: 1/1
  1114 | D:1      | Reached XP level 3. HP: 25/33 MP: 2/2
  1402 | D:2      | Reached skill level 1 in Dodging
  1492 | D:2      | Found a faded altar of an unknown god.
  1562 | D:2      | Reached skill level 3 in Long Blades
  2255 | D:3      | Found a white marble altar of Elyvilon.
  2506 | D:3      | Reached XP level 4. HP: 34/40 MP: 3/3
  3181 | D:4      | Noticed Grinder
  3202 | D:4      | Killed Grinder
  3203 | D:4      | Reached skill level 5 in Long Blades
  3203 | D:4      | Reached skill level 5 in Armour
  3203 | D:4      | Reached XP level 5. HP: 36/47 MP: 4/4
  3203 | D:4      | Reached XP level 6. HP: 41/53 MP: 5/5
  3287 | D:4      | Found a glowing drain.
  3291 | Sewer    | Entered a sewer
  3864 | Sewer    | Reached skill level 5 in Fighting
  3987 | D:4      | Noticed Edmund
  3999 | D:4      | Killed Edmund
  4000 | D:4      | Reached skill level 6 in Long Blades
  4000 | D:4      | Reached XP level 7. HP: 45/61 MP: 6/6
  4854 | D:5      | Entered Level 5 of the Dungeon
  4878 | D:5      | Reached skill level 7 in Long Blades
  4974 | D:5      | Found Ikerr's Jewellery Shoppe.
  5299 | D:5      | Found Xaru's Weapon Emporium.
  5409 | D:5      | Reached XP level 8. HP: 70/70 MP: 7/7
  5542 | D:5      | Noticed a slime creature
  5542 | D:5      | Noticed a slime creature
  5542 | D:5      | Noticed a slime creature
  5872 | D:4      | Killed a slime creature
  5873 | D:4      | Reached skill level 8 in Long Blades
  5882 | D:4      | Slain by a slime creature

Illustrated notes

Levels and vault maps discovered:
D:1:      dpeg_arrival_chambers_temple_mockup, layout_basic
D:2:      layout_loops_ring, dreamdust_ecumenical_altar_angels_and_demons,
          minivault_27, minivault_5, minivault_26
D:3:      minmay_diamond_boxcup, layout_basic, mainiacjoe_overflow_catwalk,
          minmay_misc_feat_doors
D:4:      layout_loops_corners, gup_sewer_entry_spiral, uniq_edmund,
          uniq_grinder
D:5:      cheibrodos_fertilizer, layout_cave_pools, serial_shops,
          nicolae_shop_bloodbath_and_beyond, minmay_shop_enchanted_jewellery

Skill      XL: |  1  2  3  4  5  6  7  8 |
---------------+-------------------------+-----
Armour         | 4 5 6 |  6.8
Dodging        | 1 2 |  2.6
Long Blades    | 3 5 6 7 8 |  8.1
Fighting       | 4 5 |  5.9
Shields        | 4 |  4.9
Stealth        | |  0.4

Action                   |  1- 3 |  4- 6 |  7- 9 || total
-------------------------+-------+-------+-------++-------
Melee: Long sword        |   112 |   210 |   101 ||   423
       Headbutt          |    13 |    24 |    21 ||    58
  Use: Scroll            |     3 |       |     4 ||     7
Armor: Scale mail        |    51 |    29 |       ||    80
       Chain mail        |       |    90 |    47 ||   137
Dodge: Dodged            |    67 |    92 |    34 ||   193
Block: Buckler           |    26 |    56 |    22 ||   104
